 Dungeon Crawl Stone Soup version 0.31-a0-365-gcf821cafb2 (webtiles) character file.

Game seed: 6758623260088979667

75693 Shayle the Grappler (level 15, -6/98 (103) HPs)
             Began as a Gnoll Shapeshifter on July 27, 2023.
             Was a High Priest of Wu Jian.
             Killed from afar by a jorogumo (25 damage)
             ... with a bolt of negative energy
             ... on level 1 of the Spider Nest.
             The game lasted 01:20:01 (28029 turns).

Shayle the Grappler (Gnoll Shapeshifter)           Turns: 28029, Time: 01:20:02

HP:   -6/98 (103)   AC: 12    Str: 36    XL:     15   Next: 51%
MP:   29/29         EV: 12    Int:  8    God:    Wu Jian [*****.]
Gold: 1424          SH:  0    Dex: 14    Spells: 34/34 levels left

rFire   + +          .
                       - Unarmed
rCold   x . .        R - melded +0 buckler
rNeg    . . .        e - melded +0 steam dragon scales
rPois   +            (helmet currently unavailable)
rElec   .            S - melded +2 cloak {rCorr}
rCorr   .            U - melded +2 pair of gloves {Str+3}
SInv    .            b - melded +1 pair of boots
Will    +....        (no amulet)
Stlth   ++++         o - +6 ring of strength
HPRegen 0.36/turn    f - ring of poison resistance
MPRegen 0.21/turn

%: no passive effects
@: dragon-form, flying, hasted, drained, very quick
A: dragon claw, dragon scales, breathe fire, flying, reduced hp, giant, (fangs
1), strong nose, distributed training, (antennae 1), MP-powered wands
a: Breathe Fire, Begin Untransformation, Renounce Religion, Wall Jump, Serpent's
Lash, Heavenly Storm


You were on level 1 of the Spider Nest.
You worshipped Wu Jian.
Wu Jian was extremely pleased with you.
You were a fearsome dragon!
You visited 6 branches of the dungeon, and saw 25 of its levels.
You also visited: Sewer.

You collected 2394 gold pieces.
You spent 970 gold pieces at shops.

Inventory:

Hand Weapons
 u - a +2 heavy hand axe
 I - the +2 hand axe of Hacking and Slashing {flame, *Noise rPois rF+ Stlth+}
   (You found it on level 5 of the Lair of Beasts)

   rF:        It protects you from fire.
   rPois:     It protects you from poison.
   *Noise:    It may make noises in combat.
   Stlth:     It makes you more stealthy.
 L - the +7 trident "Qafif" {antimagic, rN+ Int+4}
   (You found it on level 2 of the Lair of Beasts)

   Int:       It affects your intelligence (+4).
   rN:        It protects you from negative energy.
 M - the +6 arbalest "Otagupul" {freeze, +Blink rElec Str-2 Int-2}
   (You found it on level 3 of the Lair of Beasts)

   Str:       It affects your strength (-2).
   Int:       It affects your intelligence (-2).
   rElec:     It insulates you from electricity.
   +Blink:    It lets you blink.
Missiles
 j - 4 silver javelins
 v - 8 curare-tipped darts (quivered)
Armour
 b - a +1 pair of boots (melded)
 e - +0 steam dragon scales (melded)
 R - a +0 buckler (melded)
 S - a +2 cloak of preservation (melded)
 U - a +2 pair of gloves of strength (melded)
Jewellery
 f - a ring of poison resistance (right foreclaw)
 g - an amulet of guardian spirit
 o - a +6 ring of strength (left foreclaw)
 q - a +5 ring of evasion
 x - a +5 ring of evasion
 E - a +6 ring of dexterity
 P - an amulet of regeneration
Talismans
 a - a serpent talisman
 c - a beast talisman
 C - a dragon-blood talisman
Wands
 i - a wand of mindburst (8)
 y - a wand of charming (10)
 J - a wand of iceblast (2)
 K - a wand of digging (7)
 Q - a wand of quicksilver (2)
Scrolls
 h - 13 scrolls of teleportation
 k - 4 scrolls of vulnerability
 m - a scroll of acquirement {unknown}
 r - a scroll of fog
 s - 4 scrolls of immolation
 B - 2 scrolls of amnesia
 D - 2 scrolls of enchant weapon
 G - 2 scrolls of identify
 H - a scroll of poison
 T - 2 scrolls of brand weapon
Potions
 l - 2 potions of cancellation
 n - 2 potions of lignification
 p - 2 potions of brilliance
 t - 2 potions of resistance
 z - 2 potions of haste
 A - a potion of might
 F - 4 potions of curing
 N - a potion of mutation
Miscellaneous
 O - a phantom mirror (inert)


   Skills:
 + Level 10.7 Fighting
 + Level 10.3 Short Blades
 + Level 10.3 Long Blades
 + Level 10.3 Axes
 + Level 10.3 Maces & Flails
 + Level 10.3 Polearms
 + Level 10.3 Staves
 + Level 10.3 Ranged Weapons
 + Level 10.3 Throwing
 + Level 10.3 Armour
 + Level 11.3 Dodging
 + Level 10.3 Stealth
 + Level 10.3 Shields
 + Level 12.1 Unarmed Combat
 + Level 10.3 Spellcasting
 + Level 8.6 Conjurations
 + Level 8.6 Hexes
 + Level 8.6 Summonings
 + Level 8.6 Necromancy
 + Level 8.6 Translocations
 + Level 8.6 Transmutations
 + Level 8.6 Fire Magic
 + Level 8.6 Ice Magic
 + Level 8.6 Air Magic
 + Level 8.6 Earth Magic
 + Level 8.6 Poison Magic
 + Level 11.2 Invocations
 + Level 10.3 Evocations
 + Level 10.9 Shapeshifting


You had 34 spell levels left.
You didn't know any spells.
Your spell library contained the following spells:

 Spells                   Type           Power      Damage    Failure   Level
 Magic Dart               Conj           72%        1d6       1%          1
 Sting                    Tmut/Pois      72%        1d6       1%          1
 Call Imp                 Summ           36%        N/A       1%          2
 Cigotuvi's Dreadful Rot  Necr/Pois/Air  36%        N/A       1%          2
 Ensorcelled Hibernation  Hex/Ice        36%        N/A       1%          2
 Lesser Beckoning         Tloc           36%        N/A       1%          2
 Passwall                 Tmut/Erth      15%        N/A       1%          2
 Poisonous Vapours        Pois/Air       36%        N/A       1%          2
 Sublimation of Blood     Necr           18%        N/A       1%          2
 Wereblood                Tmut           18%        N/A       1%          2
 Gell's Gravitas          Tloc           18%        N/A       1%          3
 Ignite Poison            Fire/Tmut/Pois 18%        N/A       1%          3
 Mephitic Cloud           Conj/Pois/Air  18%        N/A       1%          3
 Swiftness                Air            18%        N/A       1%          3
 Teleport Other           Tloc           18%        N/A       1%          3
 Dispel Undead            Necr           18%        3d11      4%          4
 Manifold Assault         Tloc           18%        N/A       4%          4
 Olgreb's Toxic Radiance  Pois           18%        N/A       4%          4
 Freezing Cloud           Conj/Ice/Air   9%         6-21      12%         5
 Death Channel            Necr           9%         N/A       54%         6
 Dispersal                Tloc           9%         N/A       54%         6
 Summon Hydra             Summ           9%         N/A       98%         7
 Disjunction              Tloc           9%         N/A       100%        8


Dungeon Overview and Level Annotations

Branches:
Dungeon (15/15)            Temple (1/1) D:7            Lair (5/5) D:8
  Swamp (1/4) Lair:2       Spider (1/4) Lair:2        Slime (0/5) Lair:5
    Orc (2/2) D:10            Elf (0/3) Orc:2         Sewer (visited)
 Vaults: D:13-14     Depths: D:15

Altars:
Ashenzari
Cheibriados
Dithmenos
Elyvilon
Fedhas
Gozag
Hepliaklqana
Kikubaaqudgha
Makhleb
Nemelex Xobeh
Okawaru
Qazlal
Ru
Sif Muna
Trog
Uskayaw
Vehumet
Wu Jian
Xom
Yredelemnul
Zin
The Shining One
Jiyva

Shops:
D:1 [   D:5 *   D:6 *   D:10 [*[   Orc:2 !(?=


Innate Abilities, Weirdness & Mutations

You are a fearsome dragon!
You have a powerful clawing attack.
Your giant scaled body is strong and resiliant, but less evasive.
You can breathe fire.
You are flying.
Your maximum health is decreased, since you lack skill for your form.
Your armour is entirely melded.
You are incapable of wielding weapons or throwing items.
((You have very sharp teeth.))
Your uncanny sense of smell can sniff out nearby items.
Your experience applies equally to all skills.
((You have a pair of small antennae on your head.))
You expend magic power (3 MP) to strengthen your wands.


Message History

The tarantella touches you but does no damage.
You spin and attack the tarantella.
You bite the tarantella!!
The tarantella is almost dead.
The tarantella touches you!
You are confused.
Unknown command.
The tarantella touches you!
* * * LOW HITPOINT WARNING * * *
The boulder beetle bites you!
* * * LOW HITPOINT WARNING * * *
The tarantella closely misses you.
Unknown command.
You feel much better.
The tarantella touches you but does no damage.
The boulder beetle barely misses you.
You are too confused!
Unknown command.
You feel better. The tarantella touches you!
* * * LOW HITPOINT WARNING * * *
The tarantella touches you!
* * * LOW HITPOINT WARNING * * *
The boulder beetle bites you but does no damage.
The tarantella barely misses you.
Unknown command.
Blink to where?
Press: ? - help, Dir - move target
As you read the scroll of blinking, it crumbles to dust.
Unknown command.
Blink to where?
Press: ? - help, Dir - move target A jorogumo comes into view.
As you read the scroll of blinking, it crumbles to dust.
You feel yourself speed up.
You spin and attack the jorogumo.
The jorogumo shouts!
You claw the jorogumo!
Your tail-slap misses the jorogumo.
The jorogumo is lightly wounded.
The jorogumo stares at you and mumbles some strange words.
The bolt of negative energy hits you!!
You feel drained.
You die...

############################
#..........^...........#...#
#..............(†........... ###
#...#.......................
##..##...........^...............
#....#..........H..^.............
.....##.........D......†.........
......##.....(.....#........)....
......#....^..s....#.....<....#..
........B..........#........^##
)..s...............##....†..##
.B..s..B............##!....##
.....B.....^.......###..#..#
####†#............## ##....#
#.#.##...........## ##.....


You could see a jorogumo and a redback.

Vanquished Creatures
  Snorg (Lair:5)
  A great orb of eyes (D:15)
  An ogre mage (Orc:2)
  2 hydras
  2 boulder beetles
  A catoblepas (Lair:4)
  5 centaur warriors
  2 alligators (Swamp:1)
  6 death yaks
  4 two-headed ogres
  2 demonic crawlers (Spider:1)
  Nergalle (Orc:2)
  3 skysharks
  A pharaoh ant (Lair:2)
  A wizard (Swamp:1)
  A wolf spider (Spider:1)
  2 deep elf pyromancers
  An orc knight (Orc:1)
  An ugly thing (D:12)
  2 cyclopes
  4 manticores
  8 orc sorcerers (Orc:2)
  10 elephants
  4 black mambas
  Maurice (D:10)
  A gargoyle (D:12)
  11 cane toads
  A torpor snail (Lair:2)
  Maggie (D:9)
  An unseen horror (D:12)
  4 komodo dragons
  2 kobold demonologists (D:12)
  A rime drake (D:8)
  9 polar bears
  4 trolls
  3 meliai (D:13)
  A hellwing (D:14)
  7 hornets
  A tarantella (Spider:1)
  2 dream sheep (Lair:5)
  14 blink frogs
  2 culicivoras (Spider:1)
  17 spriggans (Lair:5)
  6 jumping spiders
  A wraith (D:13)
  A shadow (D:9)
  A water elemental (D:15)
  3 slime creatures (D:12)
  Sigmund (D:6)
  A wyvern (Lair:1)
  57 yaks
  3 steam dragons
  A neqoxec (D:14)
  10 vampire mosquitoes
  4 basilisks
  3 redbacks
  A swamp worm (Swamp:1)
  2 wargs (Orc:2)
  2 acid dragons
  14 water moccasins
  5 ice beasts
  A sky beast (D:6)
  2 black bears
  19 orc warriors
  6 centaurs
  17 wolves
  9 ogres
  A boggart (Lair:5)
  A phantom (D:4)
  9 kobold brigands
  9 bullfrogs
  2 scorpions
  15 wights
  16 killer bees
  3 vampire bats (D:10)
  9 howler monkeys
  2 gnoll boudas
  3 hounds
  3 jellies
  15 orc priests
  6 iguanas
  32 orc wizards
  6 hell rats (Lair:5)
  16 gnolls
  8 adders
  4 river rats (Sewer)
  A shadow imp (D:8)
  A white imp (D:7)
  3 dart slugs
  73 orcs
  14 ball pythons
  4 bats
  A bat skeleton (D:10)
  4 bat zombies (D:10)
  6 endoplasms
  8 giant cockroaches
  15 goblins
  7 hobgoblins
  6 jackals (Sewer)
  8 quokkas
  11 frilled lizards
  37 kobolds
  7 rats
685 creatures vanquished.

Vanquished Creatures (collateral kills)
  A boulder beetle (Lair:5)
  An orc knight (Orc:1)
  A hornet (Swamp:1)
  A spriggan (Swamp:1)
  2 vampire mosquitoes (Swamp:1)
  A wolf (Lair:5)
7 creatures vanquished.

Vanquished Creatures (others)
  An orc wizard (Orc:2)
1 creature vanquished.

Grand Total: 693 creatures vanquished

Notes
Turn   | Place    | Note
-------+----------+-------------------------------------------
     0 | D:1      | Shayle the Gnoll Shapeshifter began the quest for the Orb.
     0 | D:1      | Reached XP level 1. HP: 17/17 MP: 1/1
   176 | D:1      | Reached XP level 2. HP: 23/23 MP: 2/2
   571 | D:1      | Reached XP level 3. HP: 18/28 MP: 3/3
   648 | D:1      | Found Xipraiz's Antique Armour Boutique.
   758 | D:2      | Reached skill level 1 in Invocations
  1016 | D:2      | Reached skill level 1 in Short Blades
  1016 | D:2      | Reached skill level 1 in Long Blades
  1016 | D:2      | Reached skill level 1 in Axes
  1016 | D:2      | Reached skill level 1 in Maces & Flails
  1016 | D:2      | Reached skill level 1 in Polearms
  1016 | D:2      | Reached skill level 1 in Staves
  1016 | D:2      | Reached skill level 1 in Ranged Weapons
  1016 | D:2      | Reached skill level 1 in Throwing
  1016 | D:2      | Reached skill level 1 in Armour
  1016 | D:2      | Reached skill level 1 in Stealth
  1016 | D:2      | Reached skill level 1 in Shields
  1016 | D:2      | Reached skill level 1 in Spellcasting
  1016 | D:2      | Reached skill level 1 in Evocations
  1062 | D:2      | Found a burning altar of Makhleb.
  1139 | D:2      | Reached XP level 4. HP: 19/34 MP: 5/5
  1144 | D:2      | Reached skill level 1 in Conjurations
  1144 | D:2      | Reached skill level 1 in Hexes
  1144 | D:2      | Reached skill level 1 in Summonings
  1144 | D:2      | Reached skill level 1 in Necromancy
  1144 | D:2      | Reached skill level 1 in Translocations
  1144 | D:2      | Reached skill level 1 in Transmutations
  1144 | D:2      | Reached skill level 1 in Fire Magic
  1144 | D:2      | Reached skill level 1 in Ice Magic
  1144 | D:2      | Reached skill level 1 in Air Magic
  1144 | D:2      | Reached skill level 1 in Earth Magic
  1144 | D:2      | Reached skill level 1 in Poison Magic
  1495 | D:3      | Reached XP level 5. HP: 14/40 MP: 5/7
  1759 | D:3      | Found a faded altar of an unknown god.
  2100 | D:4      | Noticed a phantom
  2108 | D:4      | Killed a phantom
  2109 | D:4      | Reached XP level 6. HP: 47/47 MP: 8/8
  2113 | D:4      | Found a sacrificial altar of Ru.
  2137 | D:3      | Reached skill level 5 in Dodging
  2848 | D:4      | Found a blossoming altar of Fedhas.
  2851 | D:4      | Found a shimmering blue altar of Sif Muna.
  2851 | D:4      | Found an opulent altar of Gozag.
  2864 | D:4      | Found a burning altar of Makhleb.
  2867 | D:4      | Found a shadowy altar of Dithmenos.
  3035 | D:5      | Entered Level 5 of the Dungeon
  3062 | D:5      | Reached skill level 7 in Unarmed Combat
  3062 | D:5      | Reached XP level 7. HP: 52/52 MP: 10/10
  3397 | D:5      | Found a glowing drain.
  3414 | Sewer    | Entered a sewer
  4327 | D:5      | Reached XP level 8. HP: 56/60 MP: 12/12
  4443 | D:5      | Found Foblizoje's Assorted Antiques.
  4446 | D:5      | Bought an orange potion for 27 gold pieces
  4446 | D:5      | Bought an amethyst potion for 27 gold pieces
  4446 | D:5      | Bought a scroll labelled JINWES KOARI for 31 gold pieces
  4446 | D:5      | Bought a scroll of teleportation for 93 gold pieces
  4850 | D:6      | Noticed Sigmund
  4873 | D:6      | Killed Sigmund
  4987 | D:6      | Found Vyg Pidub's Assorted Antiques.
  4993 | D:6      | Bought a scroll labelled QYEDDE AMNEIDGH for 27 gold pieces
  4993 | D:6      | Bought a lumpy clear potion for 24 gold pieces
  4993 | D:6      | Bought a purple potion for 24 gold pieces
  5722 | D:7      | Found a staircase to the Ecumenical Temple.
  5725 | D:7      | Reached XP level 9. HP: 66/66 MP: 14/14
  5742 | Temple   | Entered the Ecumenical Temple
  5869 | Temple   | Became a worshipper of the Wu Jian Council
  6057 | D:7      | Found a glowing silver altar of Zin.
  6100 | D:7      | HP: 1/57 [wight/+4 falchion (3)]
  6106 | D:7      | Reached skill level 5 in Fighting
  6685 | D:7      | Reached skill level 8 in Unarmed Combat
  6923 | D:7      | Reached skill level 5 in Invocations
  7056 | D:8      | Noticed a polar bear
  7172 | D:8      | Reached XP level 10. HP: 62/75 MP: 17/17
  7176 | D:8      | Noticed a two-headed ogre
  7187 | D:7      | Reached * piety under Wu Jian
  7188 | D:7      | Reached skill level 5 in Short Blades
  7188 | D:7      | Reached skill level 5 in Long Blades
  7188 | D:7      | Reached skill level 5 in Axes
  7188 | D:7      | Reached skill level 5 in Maces & Flails
  7188 | D:7      | Reached skill level 5 in Polearms
  7188 | D:7      | Reached skill level 5 in Staves
  7188 | D:7      | Reached skill level 5 in Ranged Weapons
  7188 | D:7      | Reached skill level 5 in Throwing
  7188 | D:7      | Reached skill level 5 in Armour
  7188 | D:7      | Reached skill level 5 in Stealth
  7188 | D:7      | Reached skill level 5 in Shields
  7188 | D:7      | Reached skill level 5 in Spellcasting
  7188 | D:7      | Reached skill level 5 in Evocations
  7541 | D:8      | Found an iron altar of Okawaru.
  7735 | D:8      | Found a staircase to the Lair.
  8288 | D:1      | Bought a glowing cloak for 157 gold pieces
  8643 | D:8      | Found a hazy altar of Hepliaklqana.
  8690 | D:8      | Killed a two-headed ogre
  8943 | Lair:1   | Entered Level 1 of the Lair of Beasts
  9170 | Lair:1   | Reached ** piety under Wu Jian
  9176 | Lair:1   | Reached XP level 11. HP: 80/83 MP: 19/19
  9181 | Lair:1   | Reached skill level 9 in Unarmed Combat
  9184 | Lair:1   | Reached skill level 5 in Conjurations
  9184 | Lair:1   | Reached skill level 5 in Hexes
  9184 | Lair:1   | Reached skill level 5 in Summonings
  9184 | Lair:1   | Reached skill level 5 in Necromancy
  9184 | Lair:1   | Reached skill level 5 in Translocations
  9184 | Lair:1   | Reached skill level 5 in Transmutations
  9184 | Lair:1   | Reached skill level 5 in Fire Magic
  9184 | Lair:1   | Reached skill level 5 in Ice Magic
  9184 | Lair:1   | Reached skill level 5 in Air Magic
  9184 | Lair:1   | Reached skill level 5 in Earth Magic
  9184 | Lair:1   | Reached skill level 5 in Poison Magic
  9817 | Lair:1   | HP: 4/96 [black mamba (6)]
 10744 | Lair:2   | Noticed a skyshark
 10745 | Lair:2   | Noticed a skyshark
 10752 | Lair:2   | Killed a skyshark
 10752 | Lair:2   | Reached *** piety under Wu Jian
 10753 | Lair:2   | Reached XP level 12. HP: 91/91 MP: 22/22
 10776 | Lair:2   | Killed a skyshark
 10845 | Lair:2   | Found a hole to the Spider Nest.
 11028 | Lair:2   | Found a staircase to the Swamp.
 11096 | Lair:2   | Found an iron altar of Okawaru.
 11463 | Lair:2   | Identified the +7 trident "Qafif" {antimagic, rN+ Int+4}
 11815 | Lair:3   | Identified the +6 arbalest "Otagupul" {freeze, +Blink rElec
                  | Str-2 Int-2}
 11817 | Lair:3   | Reached skill level 10 in Unarmed Combat
 12145 | Lair:3   | Noticed a five-headed hydra
 12212 | Lair:2   | Killed a five-headed hydra
 12949 | Lair:3   | Reached XP level 13. HP: 85/99 MP: 24/24
 13130 | Lair:3   | Reached **** piety under Wu Jian
 14259 | Lair:5   | Entered Level 5 of the Lair of Beasts
 14260 | Lair:5   | Noticed Snorg
 14267 | Lair:5   | Killed Snorg
 14816 | Lair:5   | Found a viscous altar of Jiyva.
 14816 | Lair:5   | Found a staircase to the Slime Pits.
 16132 | Lair:4   | Reached skill level 10 in Dodging
 16132 | Lair:4   | Reached skill level 11 in Unarmed Combat
 16492 | Lair:5   | Reached skill level 10 in Shapeshifting
 16800 | Lair:5   | Reached ***** piety under Wu Jian
 16805 | Lair:5   | Identified the +2 hand axe of Hacking and Slashing {flame,
                  | *Noise rPois rF+ Stlth+}
 16810 | Lair:5   | Reached XP level 14. HP: 108/108 MP: 26/26
 17040 | Lair:5   | Identified the +1 great mace of Gigawappu {flame, Int+5}
 17689 | D:9      | Reached skill level 10 in Invocations
 17772 | D:9      | Noticed Maggie
 17781 | D:9      | Found a hide-covered altar of Uskayaw.
 17787 | D:9      | Killed Maggie
 18642 | D:10     | Entered Level 10 of the Dungeon
 18696 | D:10     | Found a staircase to the Orcish Mines.
 18722 | D:10     | Found Uhuifyet's Antique Armour Boutique.
 18824 | D:10     | Found Jiydit's Antique Armour Shoppe.
 18864 | D:10     | Found Araula Keibi's Overcharged Wands.
 19030 | D:10     | Found an ancient bone altar of Kikubaaqudgha.
 19034 | D:10     | Noticed Maurice
 19037 | D:10     | Killed Maurice
 19358 | D:11     | Gained mutation: Your body sometimes deteriorates upon
                  | taking damage. [potion of mutation]
 19358 | D:11     | Gained mutation: You occasionally lose the ability to read
                  | scrolls when taking damage. [potion of mutation]
 19358 | D:11     | Lost mutation: Your body sometimes deteriorates upon taking
                  | damage. [potion of mutation]
 20424 | D:12     | Reached ****** piety under Wu Jian
 21360 | D:12     | Lost mutation: You occasionally lose the ability to read
                  | scrolls when taking damage. [potion of mutation]
 21360 | D:12     | Gained mutation: You expend magic power (3 MP) to
                  | strengthen your wands. [potion of mutation]
 21360 | D:12     | Gained mutation: You have a pair of small antennae on your
                  | head. [potion of mutation]
 21752 | D:13     | Reached skill level 10 in Fighting
 22840 | D:6      | Bought a pair of embroidered gloves for 202 gold pieces
 22978 | Orc:1    | Entered Level 1 of the Orcish Mines
 23508 | Orc:2    | Entered Level 2 of the Orcish Mines
 23817 | Orc:2    | Found a staircase to the Elven Halls.
 23888 | Orc:2    | Paralysed by an orc sorcerer for 3 turns
 23929 | Orc:2    | Found a radiant altar of Vehumet.
 23957 | Orc:2    | Reached XP level 15. HP: 70/115 MP: 21/28
 24102 | Orc:2    | Found Gyopaop's Antique Weapon Emporium.
 24121 | Orc:2    | Noticed Nergalle
 24151 | Orc:2    | Killed Nergalle
 24191 | Orc:2    | Found Pydan's Distillery.
 24198 | Orc:2    | Reached skill level 10 in Short Blades
 24198 | Orc:2    | Reached skill level 10 in Long Blades
 24198 | Orc:2    | Reached skill level 10 in Axes
 24198 | Orc:2    | Reached skill level 10 in Maces & Flails
 24198 | Orc:2    | Reached skill level 10 in Polearms
 24198 | Orc:2    | Reached skill level 10 in Staves
 24198 | Orc:2    | Reached skill level 10 in Ranged Weapons
 24198 | Orc:2    | Reached skill level 10 in Throwing
 24198 | Orc:2    | Reached skill level 10 in Armour
 24198 | Orc:2    | Reached skill level 10 in Stealth
 24198 | Orc:2    | Reached skill level 10 in Shields
 24198 | Orc:2    | Reached skill level 10 in Spellcasting
 24198 | Orc:2    | Reached skill level 10 in Evocations
 24209 | Orc:2    | Found Plog's Jewellery Shoppe.
 24245 | Orc:2    | Bought 2 potions of heal wounds for 120 gold pieces
 24245 | Orc:2    | Bought a potion of curing for 36 gold pieces
 24245 | Orc:2    | Bought a potion of curing for 36 gold pieces
 24245 | Orc:2    | Bought a potion of heal wounds for 60 gold pieces
 24245 | Orc:2    | Bought a potion of curing for 36 gold pieces
 24312 | Orc:2    | Found an ancient bone altar of Kikubaaqudgha.
 24342 | Orc:2    | Found Gakavom's Magic Scroll Emporium.
 24356 | Orc:2    | Bought a scroll of teleportation for 42 gold pieces
 24356 | Orc:2    | Bought a scroll of identify for 28 gold pieces
 25886 | D:13     | Reached skill level 12 in Unarmed Combat
 26016 | D:13     | You fall into a shaft and drop 2 floors!
 26016 | D:15     | Entered Level 15 of the Dungeon
 26647 | Swamp:1  | Entered Level 1 of the Swamp
 26754 | Swamp:1  | Found a basalt altar of Yredelemnul.
 27227 | Spider:1 | Entered Level 1 of the Spider Nest
 28029 | Spider:1 | Killed from afar by a jorogumo

Illustrated notes

Levels and vault maps discovered:
D:1:      ebering_hopf_link, layout_loops_ring, serial_shops, shop,
          hangedman_decor_push, chequers_serial_rivers_micro_b
D:2:      layout_loops_ring, basic_altar, kennysheep_generic_room_3
D:3:      layout_rooms, hellmonk_ecumenical_altar_zigzags
D:4:      kennysheep_the_goblin_king, layout_gridville, nicolae_ru_awakened_eye,
          minmay_overflow_temple_star_hex, minmay_gold_behind_fungi
D:5:      layout_basic, gup_sewer_entry_pipe, serial_shops, kennysheep_mini_moat
D:6:      layout_basic, serial_shops, nicolae_shop_competitors_out_of_business,
          minivault_19, uniq_sigmund
D:7:      layout_basic, mainiacjoe_overflow_24_doors, temple_fountains
D:8:      layout_basic, okawaru_metal_pillars_3, nzn_hepliaklqana_mist_gate,
          hellmonk_lair_entry_icy
D:9:      layout_roguey, nicolae_uskayaw_murder_on_the_dancefloor, uniq_maggie
D:10:     layout_cross, kennysheep_vampire_church, orc_0_dummy, serial_shops,
          nicolae_shop_trees, nicolae_shop_overgrown_old_shop,
          nicolae_shop_overcharged_wands, uniq_maurice
D:11:     layout_stronghold, gauntlet_entry_generic
D:12:     layout_roguey
D:13:     layout_gridville
D:14:     layout_long_grid, david_vaults_5, serial_demonic, serial_demonic_d,
          serial_demonic_g, serial_demonic_f, serial_demonic_c, serial_shops,
          nicolae_shop_just_a_little_nook, nrook_mini_backslash,
          grunt_decor_mini_mirrors, minmay_hollow_rounded_squares
D:15:     grunt_enter_depths_hoard, layout_basic, nicolae_lava_and_water
Temple:   minmay_temple_curvy_loop
Lair:1:   layout_regular_city
Lair:2:   beargit_carnivore_pack, layout_small_grid, minmay_swamp_entry_swarm,
          dummy_spider_entry, basic_altar, patterned_corridor
Lair:3:   layout_hall_layers, serial_forest, infiniplex_forest_zigzag_1,
          infiniplex_forest_straight_5, infiniplex_forest_lined_room_2,
          infiniplex_forest_clump_medium, infiniplex_forest_end_1
Lair:4:   layout_cave_pods
Lair:5:   minmay_lair_end_enchanted_forest, layout_cave_pods, slime_entry_1,
          serial_bayou_shore_b, uniq_snorg
Swamp:1:  layout_basic_swamp, hangedman_swamp_ruin_hall, nicolae_swamp_godswood,
          swamp_pool1, grunt_hermit_hut
Spider:1: layout_spider_delve, einodemon_crawler_minivault, uniq_azrael
Orc:1:    cheibrodos_orc_bank, layout_caves
Orc:2:    kennysheep_orc_mage_school, layout_diamond_mine

Skill      XL: |  1  2  3  4  5  6  7  8  9 10 11 12 13 14 15 |
---------------+----------------------------------------------+-----
Invocations    | 1 2 3 4 5 6 7 8 9 10 11 | 11.2
Short Blades   | 1 2 3 4 5 7 8 9 10 | 10.3
Long Blades    | 1 2 3 4 5 7 8 9 10 | 10.3
Axes           | 1 2 3 4 5 7 8 9 10 | 10.3
Maces & Flails | 1 2 3 4 5 7 8 9 10 | 10.3
Polearms       | 1 2 3 4 5 7 8 9 10 | 10.3
Staves         | 1 2 3 4 5 7 8 9 10 | 10.3
Ranged Weapons | 1 2 3 4 5 7 8 9 10 | 10.3
Throwing       | 1 2 3 4 5 7 8 9 10 | 10.3
Armour         | 1 2 3 4 5 7 8 9 10 | 10.3
Stealth        | 1 2 3 4 5 7 8 9 10 | 10.3
Shields        | 1 2 3 4 5 7 8 9 10 | 10.3
Spellcasting   | 1 2 3 4 5 7 8 9 10 | 10.3
Evocations     | 1 2 3 4 5 7 8 9 10 | 10.3
Conjurations   | 1 2 3 4 5 6 7 8 |  8.6
Hexes          | 1 2 3 4 5 6 7 8 |  8.6
Summonings     | 1 2 3 4 5 6 7 8 |  8.6
Necromancy     | 1 2 3 4 5 6 7 8 |  8.6
Translocations | 1 2 3 4 5 6 7 8 |  8.6
Transmutations | 1 2 3 4 5 6 7 8 |  8.6
Fire Magic     | 1 2 3 4 5 6 7 8 |  8.6
Ice Magic      | 1 2 3 4 5 6 7 8 |  8.6
Air Magic      | 1 2 3 4 5 6 7 8 |  8.6
Earth Magic    | 1 2 3 4 5 6 7 8 |  8.6
Poison Magic   | 1 2 3 4 5 6 7 8 |  8.6
Fighting       | 3 4 5 6 7 8 9 10 | 10.7
Dodging        | 5 6 7 8 9 10 11 | 11.3
Unarmed Combat | 7 8 9 10 11 12 | 12.1
Shapeshifting  | 7 8 9 10 | 10.9

Action                     |  1- 3 |  4- 6 |  7- 9 | 10-12 | 13-15 || total
---------------------------+-------+-------+-------+-------+-------++-------
  Melee: Unarmed           |    75 |   113 |   324 |   411 |  1213 ||  2136
         Bite              |     6 |    10 |    28 |    10 |    65 ||   119
         Punch             |     4 |     2 |    13 |    11 |     3 ||    33
         Constrict         |       |       |       |    64 |   135 ||   199
         Tailslap          |       |       |       |       |     8 ||     8
  Throw: Boomerang         |       |    23 |       |       |       ||    23
         Dart              |       |       |     2 |     6 |       ||     8
 Invoke: Heavenly Storm    |       |       |       |       |     4 ||     4
         Serpent's Lash    |       |       |       |       |     1 ||     1
Ability: Lunge             |       |       |     5 |    34 |   100 ||   139
         Whirlwind         |       |       |       |    45 |   261 ||   306
         Begin Untransform |       |       |       |     1 |     1 ||     2
         Wall Jump         |       |       |       |       |    13 ||    13
  Evoke: Wand              |       |       |       |     5 |    17 ||    22
         Phantom mirror    |       |       |       |       |     2 ||     2
    Use: Potion            |       |     2 |     4 |     7 |    14 ||    27
         Scroll            |       |       |     7 |     7 |    16 ||    30
   Stab: Sleeping          |     2 |     2 |     1 |     6 |    38 ||    49
         Invisible         |       |       |       |     3 |       ||     3
         Distracted        |       |       |       |     3 |     9 ||    12
         Petrified         |       |       |       |       |     2 ||     2
 Armour: Animal skin       |    10 |       |       |       |       ||    10
         Ring mail         |       |    43 |    66 |       |       ||   109
         Skin              |       |     2 |     2 |    90 |   155 ||   249
         Steam dragon scal |       |       |       |    11 |   118 ||   129
  Dodge: Dodged            |    43 |    60 |   189 |   211 |   696 ||  1199
  Block: Buckler           |       |       |       |       |   124 ||   124
   Form: Anaconda          |       |       |       |     1 |       ||     1
         Dragon            |       |       |       |       |     1 ||     1

Table legend: (Time is in decaauts)
 A = Elapsed time spent in this place.
 B = Non-inter-level travel time spent in this place.
 C = Inter-level travel time spent in this place.
 D = Time resting spent in this place.
 E = Time spent auto-exploring this place.
 F = Levels seen in this place.
 G = Mean time per level.
                   A        B        C        D        E       F      G
               +--------+--------+--------+--------+--------+-----+--------+
         Total |  28004 |  26026 |   1978 |   7560 |  12592 |  26 | 1077.1 |
       Dungeon |  14520 |  13170 |   1350 |   2980 |   7238 |  15 |  968.0 |
        Temple |    145 |     84 |     61 |      0 |     45 |   1 |  145.0 |
          Lair |   9467 |   8993 |    474 |   3674 |   3741 |   5 | 1893.4 |
         Swamp |    401 |    384 |     17 |    134 |    115 |   1 |  401.0 |
   Spider Nest |    241 |    241 |      0 |      0 |    150 |   1 |  241.0 |
  Orcish Mines |   2303 |   2229 |     74 |    772 |    787 |   2 | 1151.5 |
         Sewer |    926 |    926 |      0 |      0 |    516 |   1 |  926.0 |
               +--------+--------+--------+--------+--------+-----+--------+

Top non-repeatable levels by time:
  Lair:2: 2272 daAuts
  Lair:5: 2179 daAuts
  Lair:4: 2031 daAuts
     D:7: 1979 daAuts
  Lair:1: 1851 daAuts
    D:12: 1705 daAuts
   Orc:2: 1615 daAuts
    D:13: 1508 daAuts
    D:11: 1306 daAuts
     D:6: 1197 daAuts
  Lair:3: 1132 daAuts
     D:8: 1037 daAuts
     D:9: 988 daAuts
     D:4: 953 daAuts
   Sewer: 926 daAuts
